Senateurs vs Flyers
Created - April 24, 2019 at 19:02
Goals
|
Senateurs |
0 |
1 |
4 |
5 |
Flyers |
1 |
1 |
2 |
4 |
|
Shots
|
Senateurs |
3 |
11 |
13 |
27 |
Flyers |
10 |
6 |
12 |
28 |
|
1st period
1. Flyers , Jeff Woywitka 7 (J.T. Miller 32, Mats Zuccarello 33) at 0:37
Penalties :
Matthew Lombardi (Phi) for Holding Stick (Minor) at 4:47, Drew Miller (Phi) for Tripping (Minor) at 11:50, Jeff Woywitka (Phi) for Hooking (Minor) at 19:46
2nd period
2. Flyers , Loui Eriksson 19 (Oliver Ekman-Larsson 36, Kyle Wellwood 50) at 3:35
3. Senateurs , Thomas Vanek 29 (Evgeni Malkin 54, Chris Kunitz 13) at 12:51
Penalties :
Radim Vrbata (Ott) for Hooking (Minor) at 8:27, Drew Miller (Phi) for Hooking (Minor) at 13:43
3rd period
4. Flyers , Jeff Carter 33 (Drew Miller 51, Jakub Voracek 50) at 7:07 (PP)
5. Senateurs , Evgeni Malkin 40 (Marian Hossa 29) at 10:08 (PP)
6. Senateurs , Thomas Vanek 30 (Evgeni Malkin 55, Colby Armstrong 23) at 11:46
7. Flyers , Drew Miller 39 (Jakub Voracek 51, Jeff Carter 67) at 13:50 (PP)
8. Senateurs , Cody Hodgson 23 (Ramzi Abid 11, Vladimir Mihalik 9) at 16:00
9. Senateurs , Radim Vrbata 8 (Cody Hodgson 15, Ramzi Abid 12) at 19:14
Penalties :
Cody Franson (Ott) for Holding Stick (Minor) at 0:27, Evgeni Malkin (Ott) for Hooking (Minor) at 6:53, Jakub Voracek (Phi) for High sticking (Minor) at 9:14, Daniel Briere (Ott) for Holding (Minor) at 13:28, Drew Miller (Phi) for Roughing (Minor) at 16:20, Evgeni Malkin (Ott) for Hooking (Minor) at 19:23
Goalie Stats
Ondrej Pavelec (Ott), 24 saves from 28 shots - (0.857), W, 28-26-4, 60:00 minutes
Cory Schneider (Phi), 22 saves from 27 shots - (0.815), L, 28-13-6, 59:18 minutes
Players Stats for Senateurs
Player Name G A P +/- PIM S H SB GA TA FO MP PP MP PK MP
------------------------------------------------------------------------------------
Brandon Dubinsky 0 0 0 0 0 0 1 0 1 0 1/5 9:42 0:00 2:09
Brooks Orpik 0 0 0 1 0 1 2 2 0 0 0/0 10:48 0:00 1:22
Carlo Colaiacovo 0 0 0 0 0 0 2 1 0 0 0/0 20:48 4:37 1:49
Chris Kunitz 0 1 1 0 0 1 2 0 0 0 1/2 8:32 0:00 0:59
Cody Franson 0 0 0 1 2 1 2 1 0 0 0/0 28:24 6:12 1:59
Cody Hodgson 1 1 2 2 0 2 2 0 0 1 3/4 11:32 0:15 0:01
Colby Armstrong 0 1 1 2 0 1 2 0 0 0 1/6 18:48 4:46 0:00
Dan Hamhuis 0 0 0 1 0 1 2 2 0 0 0/0 29:47 6:12 3:21
Daniel Briere 0 0 0 -2 2 1 2 0 1 0 4/7 18:46 4:46 2:54
Evgeni Malkin 1 2 3 2 4 3 2 1 0 1 15/34 22:18 5:48 2:27
Karl Alzner 0 0 0 0 0 0 3 1 1 0 0/0 20:48 4:37 1:49
Marian Hossa 0 1 1 -2 0 4 1 1 2 0 0/0 17:58 5:48 0:55
Martin Erat 0 0 0 0 0 2 0 0 0 0 0/0 8:31 0:15 0:00
Radim Vrbata 1 0 1 2 2 3 2 0 0 0 0/0 11:31 0:15 0:00
Ramzi Abid 0 2 2 2 0 0 1 0 0 0 0/0 10:26 0:00 0:00
Sergei Kostitsyn 0 0 0 -2 0 2 2 0 0 0 0/0 15:53 4:46 0:00
Thomas Vanek 2 0 2 2 0 5 1 0 1 0 1/1 20:48 5:48 0:55
Vladimir Mihalik 0 1 1 1 0 0 1 1 0 0 0/0 9:25 0:00 0:00
Players Stats for Flyers
Player Name G A P +/- PIM S H SB GA TA FO MP PP MP PK MP
------------------------------------------------------------------------------------
Brian Lashoff 0 0 0 -1 0 2 1 3 0 1 0/0 14:29 0:00 0:00
Brian McGrattan 0 0 0 1 0 1 0 0 0 0 0/0 7:13 0:00 0:00
Chris Mcallister 0 0 0 -1 0 1 1 0 0 0 1/1 14:58 0:00 4:55
Drew Miller 1 1 2 -1 6 2 2 1 0 0 2/2 19:43 2:37 0:05
J.T. Miller 0 1 1 -2 0 1 0 0 0 0 0/0 19:03 2:33 5:29
Jakub Voracek 0 2 2 0 2 3 1 0 1 0 1/3 17:59 2:37 0:00
Jaromir Jagr 0 0 0 0 0 3 1 0 0 1 0/0 8:43 0:00 0:00
Jeff Carter 1 1 2 0 0 3 1 1 0 0 23/32 18:36 2:37 0:18
Jeff Woywitka 1 0 1 -1 2 3 0 1 1 0 0/0 23:57 2:51 4:41
Jonathan Ericsson 0 0 0 -1 0 0 2 2 0 0 0/0 20:49 2:51 5:33
Kyle Wellwood 0 1 1 -2 0 0 3 0 0 0 4/14 19:16 2:33 5:14
Loui Eriksson 1 0 1 1 0 1 1 0 0 0 0/0 8:01 0:00 0:20
Marcus Kruger 0 0 0 0 0 4 0 0 0 0 0/2 10:06 0:00 1:23
Mats Zuccarello 0 1 1 -2 0 1 2 0 0 0 0/1 13:09 2:33 0:00
Matt Smaby 0 0 0 -1 0 0 1 1 0 0 0/0 21:11 0:00 5:16
Matthew Lombardi 0 0 0 0 2 1 1 0 0 0 2/4 12:19 0:00 3:54
Nathan Beaulieu 0 0 0 0 0 0 0 1 0 1 0/0 17:07 2:19 0:52
Oliver Ekman-Larsson 0 1 1 0 0 2 1 2 0 3 0/0 22:26 2:19 5:16
3 Stars
1 - Thomas Vanek (Ott)
2 - Cody Hodgson (Ott)
3 - Evgeni Malkin (Ott)
Power Play
Senateurs - 1 on 6 Attempt(s) - 16.67%
Flyers - 2 on 5 Attempt(s) - 40.00%
Penalty Kill
Senateurs - 3 on 5 Attempt(s) - 60.00%
- Score 0 goal in Penalty Kill
Flyers - 5 on 6 Attempt(s) - 83.33%
- Score 0 goal in Penalty Kill
Team Stat
Senateurs - Hits : 30 - Faceoff Wins : 26 - Blocked Shots : 10 - Penalty Minutes : 10
Flyers - Hits : 18 - Faceoff Wins : 33 - Blocked Shots : 12 - Penalty Minutes : 12
Official
Referees : Unknown
Linesman : Unknown
Game Notes
16:17 of 3rd period - Senateurs goal is going for a video replay. After video review, No Goal. The referee deems the play has been stopped, even if he had not physically had the opportunity to stop play by blowing his whistle.
Finance
Level 1 -- Attendance: 3780 (63.00%) -- Ticket Income $472,500
Level 2 -- Attendance: 3151 (63.02%) -- Ticket Income $236,325
Level 3 -- Attendance: 1342 (67.10%) -- Ticket Income $67,100
Level 4 -- Attendance: 2155 (53.88%) -- Ticket Income $86,200
Luxury Box -- Attendance: 522 (52.20%) -- Ticket Income $130,500
Game was played at the Wells Fargo Center.
Total Attendance: 10950 (60.83%)
Total Ticket Income: $992,625
Other Income: $148,894
Total Income: $1,141,519
Senateurs
5 vs 5 Forward
Center Left Wing Right Wing Time % Phy DF OF
1 Evgeni Malkin Thomas Vanek Colby Armstrong 40 1 2 2
2 Daniel Briere Sergei Kostitsyn Marian Hossa 30 1 2 2
3 Cody Hodgson Ramzi Abid Radim Vrbata 20 1 2 2
4 Brandon Dubinsky Chris Kunitz Martin Erat 10 1 2 2
5 vs 5 Defense
Defense Defense Time % Phy DF OF
1 Dan Hamhuis Cody Franson 40 1 2 2
2 Karl Alzner Carlo Colaiacovo 30 1 2 2
3 Vladimir Mihalik Brooks Orpik 20 1 2 2
4 Dan Hamhuis Cody Franson 10 1 2 2
PowerPlay Forward
Center Left Wing Right Wing Time % Phy DF OF
1 Evgeni Malkin Thomas Vanek Marian Hossa 60 1 2 2
2 Daniel Briere Sergei Kostitsyn Colby Armstrong 40 1 2 2
PowerPlay Defense
Defense Defense Time % Phy DF OF
1 Dan Hamhuis Cody Franson 60 1 2 2
2 Karl Alzner Carlo Colaiacovo 40 1 2 2
Penalty Kill 4 Players Forward
Center Wing Time % Phy DF OF
1 Evgeni Malkin Daniel Briere 60 1 2 2
2 Thomas Vanek Marian Hossa 40 1 2 2
Penalty Kill 4 Players Defense
Defense Defense Time % Phy DF OF
1 Dan Hamhuis Cody Franson 60 1 2 2
2 Karl Alzner Carlo Colaiacovo 40 1 2 2
Penalty Kill - 3 Players Forward
Forward Time % Phy DF OF
1 Evgeni Malkin 60 1 2 2
2 Daniel Briere 40 1 2 2
Penalty Kill - 3 Players Defense
Defense Defense Time % Phy DF OF
1 Dan Hamhuis Cody Franson 60 1 2 2
2 Karl Alzner Carlo Colaiacovo 40 1 2 2
4 vs 4 Forward
Center Wing Time % Phy DF OF
1 Evgeni Malkin Daniel Briere 60 1 2 2
2 Thomas Vanek Marian Hossa 40 1 2 2
4 vs 4 Defense
Defense Defense Time % Phy DF OF
1 Dan Hamhuis Cody Franson 60 1 2 2
2 Karl Alzner Carlo Colaiacovo 40 1 2 2
Last Minutes Offensive
Center Left Wing Right Wing Defense Defense
Evgeni Malkin Thomas Vanek Marian Hossa Dan Hamhuis Cody Franson
Last Minutes Defensive
Center Left Wing Right Wing Defense Defense
Evgeni Malkin Thomas Vanek Marian Hossa Dan Hamhuis Cody Franson
Goaltenders
Starting : Ondrej Pavelec
Backup : Jeff Deslauriers
Extra Forwards
Normal : Cody Hodgson, Radim Vrbata, Brandon Dubinsky - PP : Cody Hodgson, Radim Vrbata - PK : Brandon Dubinsky
Extra Defensemen
Normal : Vladimir Mihalik, Brooks Orpik, Karl Alzner - PP : Vladimir Mihalik - PK : Brooks Orpik, Karl Alzner
Penalty Shots
Evgeni Malkin, Daniel Briere, Thomas Vanek, Marian Hossa, Colby Armstrong
Scratches
Ian Cole (Healthy)
Flyers
5 vs 5 Forward
Center Left Wing Right Wing Time % Phy DF OF
1 Jeff Carter Drew Miller Jakub Voracek 40 0 1 4
2 Kyle Wellwood J.T. Miller Mats Zuccarello 30 0 1 4
3 Marcus Kruger Chris Mcallister Jaromir Jagr 20 0 1 4
4 Matthew Lombardi Loui Eriksson Brian McGrattan 10 0 4 1
5 vs 5 Defense
Defense Defense Time % Phy DF OF
1 Oliver Ekman-Larsson Jonathan Ericsson 30 1 3 1
2 Jeff Woywitka Nathan Beaulieu 30 1 3 1
3 Brian Lashoff Matt Smaby 30 1 3 1
4 Oliver Ekman-Larsson Jeff Woywitka 10 1 3 1
PowerPlay Forward
Center Left Wing Right Wing Time % Phy DF OF
1 Jeff Carter Drew Miller Jakub Voracek 50 0 1 4
2 Kyle Wellwood J.T. Miller Mats Zuccarello 50 0 1 4
PowerPlay Defense
Defense Defense Time % Phy DF OF
1 Oliver Ekman-Larsson Nathan Beaulieu 50 0 2 3
2 Jonathan Ericsson Jeff Woywitka 50 0 2 3
Penalty Kill 4 Players Forward
Center Wing Time % Phy DF OF
1 Matthew Lombardi Chris Mcallister 50 0 4 1
2 Kyle Wellwood J.T. Miller 50 0 4 1
Penalty Kill 4 Players Defense
Defense Defense Time % Phy DF OF
1 Oliver Ekman-Larsson Matt Smaby 50 1 4 0
2 Jeff Woywitka Jonathan Ericsson 50 1 4 0
Penalty Kill - 3 Players Forward
Forward Time % Phy DF OF
1 Matthew Lombardi 50 0 4 1
2 Kyle Wellwood 50 0 4 1
Penalty Kill - 3 Players Defense
Defense Defense Time % Phy DF OF
1 Oliver Ekman-Larsson Matt Smaby 50 1 4 0
2 Jeff Woywitka Jonathan Ericsson 50 1 4 0
4 vs 4 Forward
Center Wing Time % Phy DF OF
1 Jeff Carter Jakub Voracek 50 0 2 3
2 Kyle Wellwood J.T. Miller 50 0 2 3
4 vs 4 Defense
Defense Defense Time % Phy DF OF
1 Oliver Ekman-Larsson Matt Smaby 50 1 3 1
2 Jeff Woywitka Jonathan Ericsson 50 1 3 1
Last Minutes Offensive
Center Left Wing Right Wing Defense Defense
Jeff Carter Drew Miller Jakub Voracek Oliver Ekman-Larsson Jeff Woywitka
Last Minutes Defensive
Center Left Wing Right Wing Defense Defense
Matthew Lombardi Chris Mcallister Brian McGrattan Oliver Ekman-Larsson Jeff Woywitka
Goaltenders
Starting : Cory Schneider
Backup : Steve Mason
Extra Forwards
Normal : Jeff Carter, Kyle Wellwood, Drew Miller - PP : Jeff Carter, Kyle Wellwood - PK : Matthew Lombardi
Extra Defensemen
Normal : Oliver Ekman-Larsson, Jeff Woywitka, Jonathan Ericsson - PP : Oliver Ekman-Larsson - PK : Oliver Ekman-Larsson, Jeff Woywitka
Penalty Shots
Jeff Carter, Loui Eriksson, Jaromir Jagr, Kyle Wellwood, J.T. Miller
Scratches
None
% Time on Ice - Senateurs
Lines # - Real PCT - Wanted PCT - Time Play
Normal Forward
1 - 34% - 40% - 14:48
2 - 25% - 30% - 11:07
3 - 24% - 20% - 10:26
4 - 17% - 10% - 7:31
Normal Defense
1 - 43% - 40% - 19:01
2 - 33% - 30% - 14:22
3 - 21% - 20% - 9:16
4 - 3% - 10% - 1:13
PP Forward
1 - 56% - 60% - 6:03
2 - 44% - 40% - 4:46
PP Defense
1 - 57% - 60% - 6:12
2 - 43% - 40% - 4:37
PK Forward
1 - 82% - 60% - 4:15
2 - 18% - 40% - 0:55
PK Defense
1 - 65% - 60% - 3:21
2 - 35% - 40% - 1:49
PK3 Forward
1 - 0% - 60%
2 - 0% - 40%
PK3 Defense
1 - 0% - 60%
2 - 0% - 40%
44 Forward
1 - 0% - 60%
2 - 0% - 40%
44 Defense
1 - 0% - 60%
2 - 0% - 40%
Last Minute Offensive - 0:00
Last Minute Defensive - 0:09
Total
Forward - 60:00
Defense - 60:00
|
% Time on Ice - Flyers
Lines # - Real PCT - Wanted PCT - Time Play
Normal Forward
1 - 38% - 40% - 16:27
2 - 26% - 30% - 11:29
3 - 20% - 20% - 8:43
4 - 16% - 10% - 7:13
Normal Defense
1 - 30% - 30% - 13:21
2 - 32% - 30% - 14:06
3 - 33% - 30% - 14:29
4 - 4% - 10% - 1:56
PP Forward
1 - 51% - 50% - 2:37
2 - 49% - 50% - 2:33
PP Defense
1 - 45% - 50% - 2:19
2 - 55% - 50% - 2:51
PK Forward
1 - 49% - 50% - 5:19
2 - 51% - 50% - 5:30
PK Defense
1 - 49% - 50% - 5:16
2 - 51% - 50% - 5:33
PK3 Forward
1 - 0% - 50%
2 - 0% - 50%
PK3 Defense
1 - 0% - 50%
2 - 0% - 50%
44 Forward
1 - 0% - 50%
2 - 0% - 50%
44 Defense
1 - 0% - 50%
2 - 0% - 50%
Last Minute Offensive - 0:09
Last Minute Defensive - 0:00
Total
Forward - 60:00
Defense - 60:00
|
Play-by-Play
1st period
0:01 of 1st period - Colby Armstrong wins face-off versus Jakub Voracek in neutral zone.
0:26 of 1st period - Cody Franson is hit by Jonathan Ericsson and loses puck.
0:35 of 1st period - Wrist shot by J.T. Miller.
0:35 of 1st period - Stopped by Ondrej Pavelec with a rebound.
0:37 of 1st period - Slapshot by Jeff Woywitka.
0:37 of 1st period - Goal by Jeff Woywitka - Senateurs : 0 - Flyers : 1.
0:38 of 1st period - Chris Mcallister wins face-off versus Cody Hodgson in neutral zone.
1:12 of 1st period - Wrist shot by Marcus Kruger.
1:12 of 1st period - Shot Blocked by Karl Alzner.
1:14 of 1st period - Snap shot by Jeff Woywitka.
1:14 of 1st period - Stopped by Ondrej Pavelec with a rebound.
1:16 of 1st period - Snap shot by Jaromir Jagr.
1:16 of 1st period - Stopped by Ondrej Pavelec with a rebound.
1:26 of 1st period - Snap shot by Jaromir Jagr.
1:26 of 1st period - Stopped by Ondrej Pavelec without a rebound.
1:27 of 1st period - Jeff Carter wins face-off versus Daniel Briere in Senateurs zone.
1:28 of 1st period - Snap shot by Jakub Voracek.
1:28 of 1st period - Shot Blocked by Brooks Orpik.
1:54 of 1st period - Oliver Ekman-Larsson is hit by Brandon Dubinsky and loses puck.
2:01 of 1st period - Snap shot by Chris Kunitz.
2:01 of 1st period - Shot Hit the Post.
4:02 of 1st period - Snap shot by Evgeni Malkin.
4:02 of 1st period - Shot Misses the Net.
4:14 of 1st period - Sergei Kostitsyn is hit by Kyle Wellwood and loses puck.
4:37 of 1st period - Jonathan Ericsson is hit by Cody Franson and loses puck.
4:47 of 1st period - Minor Penalty to Matthew Lombardi for Holding Stick.
4:48 of 1st period - Evgeni Malkin wins face-off versus Marcus Kruger in Flyers zone.
5:18 of 1st period - Snap shot by J.T. Miller.
5:18 of 1st period - Shot Misses the Net.
6:32 of 1st period - J.T. Miller is hit by Karl Alzner.
6:47 of 1st period - Penalty to Matthew Lombardi is over, Matthew Lombardi is back on ice.
6:48 of 1st period - Carlo Colaiacovo is hit by Matt Smaby and loses puck.
7:26 of 1st period - Snap shot by Brandon Dubinsky.
7:26 of 1st period - Deflect By Radim Vrbata.
7:26 of 1st period - Shot Misses the Net.
7:26 of 1st period - Puck is out of play.
7:27 of 1st period - Cody Hodgson wins face-off versus Kyle Wellwood in Flyers zone.
7:55 of 1st period - Slapshot by Marcus Kruger.
7:55 of 1st period - Stopped by Ondrej Pavelec without a rebound.
7:56 of 1st period - Jeff Carter wins face-off versus Evgeni Malkin in Senateurs zone.
8:07 of 1st period - Slapshot by Drew Miller.
8:07 of 1st period - Shot Blocked by Evgeni Malkin.
8:49 of 1st period - Slapshot by Jaromir Jagr.
8:49 of 1st period - Stopped by Ondrej Pavelec with a rebound.
9:09 of 1st period - Snap shot by Brian McGrattan.
9:09 of 1st period - Shot Misses the Net.
9:11 of 1st period - Slapshot by Jeff Woywitka.
9:11 of 1st period - Shot Blocked by Cody Franson.
9:34 of 1st period - Jeff Carter is hit by Brooks Orpik and loses puck.
9:47 of 1st period - Mats Zuccarello is hit by Vladimir Mihalik and loses puck.
10:17 of 1st period - Snap shot by Chris Mcallister.
10:17 of 1st period - Deflect By Marcus Kruger.
10:17 of 1st period - Stopped by Ondrej Pavelec with a rebound.
10:39 of 1st period - Wrist shot by Thomas Vanek.
10:39 of 1st period - Stopped by Cory Schneider with a rebound.
10:52 of 1st period - Off-side.
10:53 of 1st period - Daniel Briere wins face-off versus Matthew Lombardi in neutral zone.
11:11 of 1st period - Off-side.
11:12 of 1st period - Evgeni Malkin wins face-off versus Kyle Wellwood in neutral zone.
11:46 of 1st period - Slapshot by Sergei Kostitsyn.
11:46 of 1st period - Stopped by Cory Schneider without a rebound.
11:47 of 1st period - Daniel Briere wins face-off versus Jeff Carter in Flyers zone.
11:48 of 1st period - Snap shot by Marian Hossa.
11:48 of 1st period - Shot Misses the Net.
11:50 of 1st period - Minor Penalty to Drew Miller for Tripping.
11:51 of 1st period - Kyle Wellwood wins face-off versus Evgeni Malkin in Flyers zone.
12:00 of 1st period - Oliver Ekman-Larsson is hit by Evgeni Malkin and loses puck.
12:17 of 1st period - Colby Armstrong is hit by Chris Mcallister and loses puck.
13:50 of 1st period - Penalty to Drew Miller is over, Drew Miller is back on ice.
14:22 of 1st period - Wrist shot by Drew Miller.
14:22 of 1st period - Deflect By Jakub Voracek.
14:22 of 1st period - Shot Blocked by Vladimir Mihalik.
14:22 of 1st period - Puck is out of play.
14:23 of 1st period - Jeff Carter wins face-off versus Chris Kunitz in Senateurs zone.
14:28 of 1st period - Wrist shot by Jeff Carter.
14:28 of 1st period - Shot Blocked by Brooks Orpik.
14:30 of 1st period - Wrist shot by Jeff Woywitka.
14:30 of 1st period - Shot Misses the Net.
15:06 of 1st period - Matthew Lombardi is hit by Chris Kunitz.
15:30 of 1st period - Snap shot by Loui Eriksson.
15:30 of 1st period - Shot Misses the Net.
15:32 of 1st period - Slapshot by Brian Lashoff.
15:32 of 1st period - Stopped by Ondrej Pavelec with a rebound.
15:34 of 1st period - Slapshot by Brian Lashoff.
15:34 of 1st period - Shot Misses the Net.
15:36 of 1st period - Slapshot by Matt Smaby.
15:36 of 1st period - Shot Hit the Post.
15:40 of 1st period - Wrist shot by Brian McGrattan.
15:40 of 1st period - Shot Misses the Net.
15:54 of 1st period - Slapshot by Dan Hamhuis.
15:54 of 1st period - Deflect By Brandon Dubinsky.
15:54 of 1st period - Shot Misses the Net.
15:54 of 1st period - Puck is out of play.
15:55 of 1st period - Jeff Carter wins face-off versus Evgeni Malkin in Flyers zone.
15:59 of 1st period - Matt Smaby is hit by Brooks Orpik and loses puck.
16:45 of 1st period - Jaromir Jagr is hit by Carlo Colaiacovo and loses puck.
16:56 of 1st period - Wrist shot by Radim Vrbata.
16:56 of 1st period - Shot Misses the Net.
17:10 of 1st period - Wrist shot by Drew Miller.
17:10 of 1st period - Stopped by Ondrej Pavelec without a rebound.
17:11 of 1st period - Evgeni Malkin wins face-off versus Jeff Carter in Senateurs zone.
17:17 of 1st period - Off-side.
17:18 of 1st period - Jeff Carter wins face-off versus Evgeni Malkin in neutral zone.
17:33 of 1st period - Snap shot by Thomas Vanek.
17:33 of 1st period - Deflect By Evgeni Malkin.
17:33 of 1st period - Shot Misses the Net.
17:33 of 1st period - Puck is out of play.
17:34 of 1st period - Daniel Briere wins face-off versus Kyle Wellwood in Flyers zone.
19:26 of 1st period - Brian Lashoff is hit by Dan Hamhuis and loses puck.
19:35 of 1st period - Backhand shot by Brandon Dubinsky.
19:35 of 1st period - Deflect By Chris Kunitz.
19:35 of 1st period - Shot Misses the Net.
19:35 of 1st period - Puck is out of play.
19:36 of 1st period - Jeff Carter wins face-off versus Evgeni Malkin in Flyers zone.
19:46 of 1st period - Minor Penalty to Jeff Woywitka for Hooking.
19:47 of 1st period - Evgeni Malkin wins face-off versus Kyle Wellwood in Flyers zone.
19:47 of 1st period - Snap shot by Thomas Vanek.
19:47 of 1st period - Shot Misses the Net.
19:49 of 1st period - Slapshot by Karl Alzner.
19:49 of 1st period - Shot Misses the Net.
19:51 of 1st period - Slapshot by Karl Alzner.
19:51 of 1st period - Shot Blocked by Oliver Ekman-Larsson.
19:53 of 1st period - Snap shot by Thomas Vanek.
19:53 of 1st period - Stopped by Cory Schneider without a rebound.
19:54 of 1st period - Evgeni Malkin wins face-off versus Kyle Wellwood in Flyers zone.
Goals for this period are 0 for Senateurs vs 1 for Flyers.
Shots for this period are 3 for Senateurs vs 10 for Flyers.
2nd period
0:01 of 2nd period - Thomas Vanek wins face-off versus Matthew Lombardi in neutral zone.
0:04 of 2nd period - Wrist shot by Cody Franson.
0:04 of 2nd period - Stopped by Cory Schneider with a rebound.
1:39 of 2nd period - Oliver Ekman-Larsson is hit by Cody Hodgson and loses puck.
1:46 of 2nd period - Penalty to Jeff Woywitka is over, Jeff Woywitka is back on ice.
2:26 of 2nd period - Brooks Orpik is hit by Kyle Wellwood and loses puck.
3:23 of 2nd period - Chris Kunitz is hit by Brian Lashoff.
3:35 of 2nd period - Snap shot by Loui Eriksson.
3:35 of 2nd period - Goal by Loui Eriksson - Senateurs : 0 - Flyers : 2.
3:36 of 2nd period - Evgeni Malkin wins face-off versus Jeff Carter in neutral zone.
3:41 of 2nd period - Wrist shot by Evgeni Malkin.
3:41 of 2nd period - Stopped by Cory Schneider with a rebound.
4:01 of 2nd period - Jeff Woywitka is hit by Marian Hossa and loses puck.
4:08 of 2nd period - Slapshot by Marian Hossa.
4:08 of 2nd period - Stopped by Cory Schneider without a rebound.
4:09 of 2nd period - Jeff Carter wins face-off versus Colby Armstrong in Flyers zone.
4:16 of 2nd period - Wrist shot by Jeff Carter.
4:16 of 2nd period - Stopped by Ondrej Pavelec with a rebound.
4:36 of 2nd period - Marian Hossa is hit by Kyle Wellwood and loses puck.
4:55 of 2nd period - Carlo Colaiacovo is hit by Loui Eriksson and loses puck.
5:06 of 2nd period - Snap shot by Brian McGrattan.
5:06 of 2nd period - Stopped by Ondrej Pavelec without a rebound.
5:07 of 2nd period - Jeff Carter wins face-off versus Evgeni Malkin in Senateurs zone.
5:19 of 2nd period - Wrist shot by Thomas Vanek.
5:19 of 2nd period - Shot Misses the Net.
5:21 of 2nd period - Wrist shot by Colby Armstrong.
5:21 of 2nd period - Stopped by Cory Schneider with a rebound.
6:54 of 2nd period - Snap shot by Sergei Kostitsyn.
6:54 of 2nd period - Shot Blocked by Jeff Carter.
7:59 of 2nd period - Brooks Orpik is hit by Matthew Lombardi and loses puck.
8:14 of 2nd period - Radim Vrbata is hit by Drew Miller and loses puck.
8:27 of 2nd period - Minor Penalty to Radim Vrbata for Hooking.
8:28 of 2nd period - Jeff Carter wins face-off versus Evgeni Malkin in Senateurs zone.
8:39 of 2nd period - Wrist shot by Drew Miller.
8:39 of 2nd period - Shot Blocked by Dan Hamhuis.
9:46 of 2nd period - Drew Miller is hit by Chris Kunitz and loses puck.
10:27 of 2nd period - Penalty to Radim Vrbata is over, Radim Vrbata is back on ice.
11:45 of 2nd period - Oliver Ekman-Larsson is hit by Daniel Briere and loses puck.
12:20 of 2nd period - Jaromir Jagr is hit by Cody Hodgson and loses puck.
12:51 of 2nd period - Slapshot by Evgeni Malkin.
12:51 of 2nd period - Deflect By Thomas Vanek.
12:51 of 2nd period - Goal by Thomas Vanek - Senateurs : 1 - Flyers : 2.
12:52 of 2nd period - Evgeni Malkin wins face-off versus Jeff Carter in neutral zone.
13:00 of 2nd period - Wrist shot by Drew Miller.
13:00 of 2nd period - Deflect By Jakub Voracek.
13:00 of 2nd period - Shot Misses the Net.
13:00 of 2nd period - Puck is out of play.
13:01 of 2nd period - Jeff Carter wins face-off versus Evgeni Malkin in Senateurs zone.
13:22 of 2nd period - Snap shot by Evgeni Malkin.
13:22 of 2nd period - Shot Misses the Net.
13:24 of 2nd period - Wrist shot by Thomas Vanek.
13:24 of 2nd period - Shot Blocked by Nathan Beaulieu.
13:26 of 2nd period - Slapshot by Thomas Vanek.
13:26 of 2nd period - Stopped by Cory Schneider without a rebound.
13:27 of 2nd period - Daniel Briere wins face-off versus Kyle Wellwood in Flyers zone.
13:28 of 2nd period - Snap shot by Marian Hossa.
13:28 of 2nd period - Shot Misses the Net.
13:30 of 2nd period - Slapshot by Cody Franson.
13:30 of 2nd period - Shot Misses the Net.
13:34 of 2nd period - Snap shot by Marian Hossa.
13:34 of 2nd period - Stopped by Cory Schneider with a rebound.
13:36 of 2nd period - Snap shot by Sergei Kostitsyn.
13:36 of 2nd period - Shot Blocked by Brian Lashoff.
13:38 of 2nd period - Snap shot by Daniel Briere.
13:38 of 2nd period - Stopped by Cory Schneider with a rebound.
13:40 of 2nd period - Snap shot by Marian Hossa.
13:40 of 2nd period - Stopped by Cory Schneider without a rebound.
13:41 of 2nd period - Jeff Carter wins face-off versus Colby Armstrong in Flyers zone.
13:43 of 2nd period - Minor Penalty to Drew Miller for Hooking.
13:44 of 2nd period - Evgeni Malkin wins face-off versus Kyle Wellwood in Flyers zone.
14:10 of 2nd period - Matthew Lombardi is hit by Sergei Kostitsyn and loses puck.
14:21 of 2nd period - Snap shot by Daniel Briere.
14:21 of 2nd period - Shot Misses the Net.
14:31 of 2nd period - Snap shot by J.T. Miller.
14:31 of 2nd period - Shot Blocked by Marian Hossa.
15:43 of 2nd period - Penalty to Drew Miller is over, Drew Miller is back on ice.
15:45 of 2nd period - Slapshot by Cody Franson.
15:45 of 2nd period - Shot Blocked by Drew Miller.
15:55 of 2nd period - Wrist shot by Dan Hamhuis.
15:55 of 2nd period - Shot Blocked by Matt Smaby.
16:16 of 2nd period - Backhand shot by Oliver Ekman-Larsson.
16:16 of 2nd period - Stopped by Ondrej Pavelec with a rebound.
16:30 of 2nd period - Wrist shot by Marcus Kruger.
16:30 of 2nd period - Stopped by Ondrej Pavelec with a rebound.
16:32 of 2nd period - Wrist shot by Marcus Kruger.
16:32 of 2nd period - Stopped by Ondrej Pavelec with a rebound.
17:10 of 2nd period - Jeff Carter is hit by Karl Alzner and loses puck.
17:47 of 2nd period - Jonathan Ericsson is hit by Radim Vrbata and loses puck.
18:44 of 2nd period - Daniel Briere is hit by Jakub Voracek and loses puck.
18:55 of 2nd period - Snap shot by Evgeni Malkin.
18:55 of 2nd period - Stopped by Cory Schneider with a rebound.
18:57 of 2nd period - Wrist shot by Evgeni Malkin.
18:57 of 2nd period - Shot Misses the Net.
18:59 of 2nd period - Slapshot by Vladimir Mihalik.
18:59 of 2nd period - Shot Blocked by Jonathan Ericsson.
19:01 of 2nd period - Snap shot by Brooks Orpik.
19:01 of 2nd period - Stopped by Cory Schneider without a rebound.
19:02 of 2nd period - Jeff Carter wins face-off versus Evgeni Malkin in Flyers zone.
19:39 of 2nd period - Thomas Vanek is hit by Jaromir Jagr and loses puck.
19:52 of 2nd period - Snap shot by Daniel Briere.
19:52 of 2nd period - Shot Blocked by Brian Lashoff.
Goals for this period are 1 for Senateurs vs 1 for Flyers.
Shots for this period are 11 for Senateurs vs 6 for Flyers.
3rd period
0:01 of 3rd period - Jeff Carter wins face-off versus Colby Armstrong in neutral zone.
0:27 of 3rd period - Minor Penalty to Cody Franson for Holding Stick.
0:28 of 3rd period - Kyle Wellwood wins face-off versus Evgeni Malkin in Senateurs zone.
0:42 of 3rd period - Off-side.
0:43 of 3rd period - Jeff Carter wins face-off versus Evgeni Malkin in neutral zone.
0:56 of 3rd period - Snap shot by Jakub Voracek.
0:56 of 3rd period - Shot Misses the Net.
0:58 of 3rd period - Slapshot by Jeff Woywitka.
0:58 of 3rd period - Shot Misses the Net.
1:00 of 3rd period - Slapshot by Jeff Carter.
1:00 of 3rd period - Shot Misses the Net.
1:57 of 3rd period - Marian Hossa is hit by Mats Zuccarello and loses puck.
2:27 of 3rd period - Penalty to Cody Franson is over, Cody Franson is back on ice.
2:31 of 3rd period - J.T. Miller is hit by Karl Alzner and loses puck.
2:42 of 3rd period - Nathan Beaulieu is hit by Radim Vrbata and loses puck.
3:14 of 3rd period - Brian McGrattan is hit by Colby Armstrong and loses puck.
3:38 of 3rd period - Daniel Briere is hit by Oliver Ekman-Larsson.
4:10 of 3rd period - Marcus Kruger is hit by Carlo Colaiacovo and loses puck.
4:17 of 3rd period - Snap shot by Chris Kunitz.
4:17 of 3rd period - Shot Blocked by Jeff Woywitka.
4:33 of 3rd period - Colby Armstrong is hit by Jeff Carter and loses puck.
5:23 of 3rd period - Chris Mcallister is hit by Evgeni Malkin and loses puck.
6:29 of 3rd period - Slapshot by Matthew Lombardi.
6:29 of 3rd period - Stopped by Ondrej Pavelec without a rebound.
6:30 of 3rd period - Jeff Carter wins face-off versus Evgeni Malkin in Senateurs zone.
6:31 of 3rd period - Slapshot by Jakub Voracek.
6:31 of 3rd period - Stopped by Ondrej Pavelec with a rebound.
6:33 of 3rd period - Slapshot by Jeff Woywitka.
6:33 of 3rd period - Stopped by Ondrej Pavelec with a rebound.
6:39 of 3rd period - Wrist shot by Jakub Voracek.
6:39 of 3rd period - Stopped by Ondrej Pavelec with a rebound.
6:53 of 3rd period - Minor Penalty to Evgeni Malkin for Hooking.
6:54 of 3rd period - Jakub Voracek wins face-off versus Brandon Dubinsky in Senateurs zone.
6:57 of 3rd period - Slapshot by Jakub Voracek.
6:57 of 3rd period - Deflect By Jeff Carter.
6:57 of 3rd period - Shot Misses the Net.
6:57 of 3rd period - Puck is out of play.
6:58 of 3rd period - Jeff Carter wins face-off versus Brandon Dubinsky in Senateurs zone.
7:07 of 3rd period - Wrist shot by Jeff Carter.
7:07 of 3rd period - Goal by Jeff Carter - Senateurs : 1 - Flyers : 3.
7:08 of 3rd period - Evgeni Malkin wins face-off versus Jeff Carter in neutral zone.
7:11 of 3rd period - Drew Miller is hit by Cody Franson and loses puck.
8:00 of 3rd period - Wrist shot by Chris Mcallister.
8:00 of 3rd period - Stopped by Ondrej Pavelec without a rebound.
8:01 of 3rd period - Jeff Carter wins face-off versus Brandon Dubinsky in Senateurs zone.
8:10 of 3rd period - Slapshot by Cody Franson.
8:10 of 3rd period - Shot Blocked by Jonathan Ericsson.
8:12 of 3rd period - Slapshot by Cody Franson.
8:12 of 3rd period - Shot Blocked by Oliver Ekman-Larsson.
8:14 of 3rd period - Wrist shot by Martin Erat.
8:14 of 3rd period - Stopped by Cory Schneider without a rebound.
8:15 of 3rd period - Evgeni Malkin wins face-off versus Jeff Carter in Flyers zone.
9:05 of 3rd period - Slapshot by Chris Kunitz.
9:05 of 3rd period - Stopped by Cory Schneider without a rebound.
9:06 of 3rd period - Chris Kunitz wins face-off versus Jeff Carter in Flyers zone.
9:11 of 3rd period - Slapshot by Martin Erat.
9:11 of 3rd period - Stopped by Cory Schneider without a rebound.
9:12 of 3rd period - Jeff Carter wins face-off versus Evgeni Malkin in Flyers zone.
9:14 of 3rd period - Minor Penalty to Jakub Voracek for High sticking.
9:15 of 3rd period - Matthew Lombardi wins face-off versus Evgeni Malkin in Flyers zone.
9:57 of 3rd period - Matt Smaby is hit by Daniel Briere and loses puck.
10:08 of 3rd period - Wrist shot by Evgeni Malkin.
10:08 of 3rd period - Goal by Evgeni Malkin - Senateurs : 2 - Flyers : 3.
10:09 of 3rd period - Jeff Carter wins face-off versus Evgeni Malkin in neutral zone.
10:12 of 3rd period - Snap shot by Drew Miller.
10:12 of 3rd period - Shot Misses the Net.
10:34 of 3rd period - Nathan Beaulieu is hit by Ramzi Abid and loses puck.
10:39 of 3rd period - Snap shot by Ramzi Abid.
10:39 of 3rd period - Shot Misses the Net.
10:41 of 3rd period - Snap shot by Dan Hamhuis.
10:41 of 3rd period - Deflect By Radim Vrbata.
10:41 of 3rd period - Stopped by Cory Schneider without a rebound.
10:42 of 3rd period - Kyle Wellwood wins face-off versus Evgeni Malkin in Flyers zone.
10:42 of 3rd period - Kyle Wellwood is hit by Colby Armstrong.
10:52 of 3rd period - Cody Franson is hit by Mats Zuccarello.
11:14 of 3rd period - Wrist shot by Marian Hossa.
11:14 of 3rd period - Deflect By Sergei Kostitsyn.
11:14 of 3rd period - Stopped by Cory Schneider without a rebound.
11:15 of 3rd period - Jeff Carter wins face-off versus Daniel Briere in Flyers zone.
11:32 of 3rd period - Wrist shot by Drew Miller.
11:32 of 3rd period - Deflect By Jeff Carter.
11:32 of 3rd period - Stopped by Ondrej Pavelec without a rebound.
11:33 of 3rd period - Evgeni Malkin wins face-off versus Mats Zuccarello in Senateurs zone.
11:46 of 3rd period - Snap shot by Thomas Vanek.
11:46 of 3rd period - Goal by Thomas Vanek - Senateurs : 3 - Flyers : 3.
11:47 of 3rd period - Jeff Carter wins face-off versus Colby Armstrong in neutral zone.
12:09 of 3rd period - Icing by Jonathan Ericsson.
12:10 of 3rd period - Kyle Wellwood wins face-off versus Daniel Briere in Flyers zone.
12:24 of 3rd period - Snap shot by Marian Hossa.
12:24 of 3rd period - Stopped by Cory Schneider without a rebound.
12:25 of 3rd period - Evgeni Malkin wins face-off versus Jeff Carter in Flyers zone.
12:28 of 3rd period - Wrist shot by Evgeni Malkin.
12:28 of 3rd period - Shot Blocked by Brian Lashoff.
12:38 of 3rd period - Wrist shot by Jakub Voracek.
12:38 of 3rd period - Stopped by Ondrej Pavelec without a rebound.
12:39 of 3rd period - Jeff Carter wins face-off versus Evgeni Malkin in Senateurs zone.
12:50 of 3rd period - Snap shot by Jeff Carter.
12:50 of 3rd period - Shot Hit the Post.
13:09 of 3rd period - Jeff Woywitka is hit by Sergei Kostitsyn and loses puck.
13:12 of 3rd period - Snap shot by Jeff Woywitka.
13:12 of 3rd period - Shot Blocked by Dan Hamhuis.
13:14 of 3rd period - Snap shot by Kyle Wellwood.
13:14 of 3rd period - Shot Misses the Net.
13:28 of 3rd period - Minor Penalty to Daniel Briere for Holding.
13:29 of 3rd period - Evgeni Malkin wins face-off versus Kyle Wellwood in Senateurs zone.
13:38 of 3rd period - Slapshot by Jonathan Ericsson.
13:38 of 3rd period - Shot Blocked by Carlo Colaiacovo.
13:40 of 3rd period - Wrist shot by Mats Zuccarello.
13:40 of 3rd period - Stopped by Ondrej Pavelec without a rebound.
13:41 of 3rd period - Drew Miller wins face-off versus Brandon Dubinsky in Senateurs zone.
13:50 of 3rd period - Slapshot by Jakub Voracek.
13:50 of 3rd period - Deflect By Drew Miller.
13:50 of 3rd period - Goal by Drew Miller - Senateurs : 3 - Flyers : 4.
13:51 of 3rd period - Evgeni Malkin wins face-off versus Jakub Voracek in neutral zone.
13:54 of 3rd period - Snap shot by Dan Hamhuis.
13:54 of 3rd period - Stopped by Cory Schneider with a rebound.
14:16 of 3rd period - Brian Lashoff is hit by Dan Hamhuis and loses puck.
15:08 of 3rd period - Kyle Wellwood is hit by Thomas Vanek.
15:44 of 3rd period - Snap shot by Loui Eriksson.
15:44 of 3rd period - Shot Misses the Net.
15:46 of 3rd period - Slapshot by Brian Lashoff.
15:46 of 3rd period - Deflect By Brooks Orpik.
15:46 of 3rd period - Stopped by Ondrej Pavelec without a rebound.
15:47 of 3rd period - Cody Hodgson wins face-off versus Kyle Wellwood in Senateurs zone.
15:58 of 3rd period - Wrist shot by Cody Hodgson.
15:58 of 3rd period - Stopped by Cory Schneider with a rebound.
16:00 of 3rd period - Slapshot by Cody Hodgson.
16:00 of 3rd period - Goal by Cody Hodgson - Senateurs : 4 - Flyers : 4.
16:01 of 3rd period - Cody Hodgson wins face-off versus Marcus Kruger in neutral zone.
16:15 of 3rd period - Wrist shot by Ramzi Abid.
16:15 of 3rd period - Shot Misses the Net.
16:17 of 3rd period - Slapshot by Radim Vrbata.
16:17 of 3rd period - Senateurs goal is going for a video replay.
16:17 of 3rd period - The goal is refused. The referee deems the play has been stopped, even if he had not physically had the opportunity to stop play by blowing his whistle..
16:18 of 3rd period - Jeff Carter wins face-off versus Colby Armstrong in Flyers zone.
16:20 of 3rd period - Minor Penalty to Drew Miller for Roughing.
16:21 of 3rd period - Matthew Lombardi wins face-off versus Evgeni Malkin in Flyers zone.
18:20 of 3rd period - Penalty to Drew Miller is over, Drew Miller is back on ice.
19:14 of 3rd period - Snap shot by Radim Vrbata.
19:14 of 3rd period - Goal by Radim Vrbata - Senateurs : 5 - Flyers : 4.
19:15 of 3rd period - Drew Miller wins face-off versus Evgeni Malkin in neutral zone.
19:18 of 3rd period - Flyers, Cory Schneider is pulled from the net.
19:18 of 3rd period - Wrist shot by Drew Miller.
19:18 of 3rd period - Shot Misses the Net.
19:20 of 3rd period - Wrist shot by Oliver Ekman-Larsson.
19:20 of 3rd period - Stopped by Ondrej Pavelec without a rebound.
19:21 of 3rd period - Pat Quinn call a timeout for Flyers.
19:21 of 3rd period - Evgeni Malkin wins face-off versus Jeff Carter in Senateurs zone.
19:23 of 3rd period - Minor Penalty to Evgeni Malkin for Hooking.
19:24 of 3rd period - Brandon Dubinsky wins face-off versus Kyle Wellwood in Senateurs zone.
19:24 of 3rd period - Brandon Dubinsky is hit by Jonathan Ericsson.
19:50 of 3rd period - Brandon Dubinsky is hit by Drew Miller and loses puck.
Goals for this period are 4 for Senateurs vs 2 for Flyers.
Shots for this period are 13 for Senateurs vs 12 for Flyers.
Back to the Top